 Dungeon Crawl Stone Soup version 0.31.0-4-g52a2dc7128 (webtiles) character file.

Game seed: 14527853650994875197

325 ymhsbmbesitwf the Trooper (level 6, -1/52 HPs)
             Began as a Barachi Monk on Jan 21, 2024.
             Slain by an orc wizard
             ... wielding a +0 dagger
              (2 damage)
             ... on level 3 of the Dungeon.
             The game lasted 00:05:00 (1674 turns).

ymhsbmbesitwf the Trooper (Barachi Monk)            Turns: 1674, Time: 00:05:01

Health: -1/52      AC:  6    Str: 13    XL:     6   Next: 48%
Magic:  6/6        EV: 12    Int: 10    God:
Gold:   127        SH:  5    Dex: 16    Spells: 5/5 levels left

rFire   . . .        a - +0 falchion
rCold   . . .        d - orb {light}
rNeg    . . .        g - +0 ring mail
rPois   .            (no helmet)
rElec   .            (no cloak)
rCorr   .            p - +0 pair of gloves
SInv    .            (no boots)
Will    .....        k - amulet of reflection
Stlth   +            (no ring)
HPRegen 0.28/turn    (no ring)
MPRegen 0.10/turn

%: reflection
@: glowing, slow
A: amphibious, slowness 1, strong legs 1, +LOS
a: Hop


You were on level 3 of the Dungeon.
You visited 1 branch of the dungeon, and saw 3 of its levels.

You collected 127 gold pieces.

Inventory:

Hand Weapons
 a - a +0 falchion (weapon)
Armour
 d - an orb of light (worn)
 g - a +0 ring mail (worn)
 m - a +0 chain mail
 p - a +0 pair of gloves (worn)
Jewellery
 b - an amulet of guardian spirit
 k - an amulet of reflection (around neck)
Scrolls
 e - a scroll of teleportation {unknown}
 f - a scroll of enchant armour {unknown}
 j - 2 scrolls of fog {unknown}
 l - a scroll of enchant weapon {unknown}
 n - 2 scrolls of revelation {unknown}
 o - a scroll of summoning {unknown}
Potions
 h - a potion of brilliance {unknown}
 i - 5 potions of curing {unknown}
 q - a potion of heal wounds {unknown}


   Skills:
 * Level 6.0 Fighting
 * Level 6.0 Long Blades
 - Level 3.0 Armour
 - Level 3.4 Dodging


You had 5 spell levels left.
You didn't know any spells.
Your spell library was empty.

Dungeon Overview and Level Annotations

Branches:
Dungeon (3/15)

Altars:


Innate Abilities, Weirdness & Mutations

You are amphibious.
You cover ground slowly.
You can hop short distances.
You have an extended range of vision and can be seen from far away.


Message History

The orc wizard casts a spell at you. The magic dart hits you.
You hit the orc wizard.
The orc wizard is moderately wounded.
The orc wizard casts a spell.
The orc wizard flickers and vanishes for a moment.
You hit the orc wizard.
The orc wizard is heavily wounded.
The orc wizard hits you but does no damage.
The orc wizard hits you but does no damage.
You're too confused to move!
The orc wizard barely misses you.
The orc wizard hits you but does no damage.
You hit the orc wizard.
The orc wizard is heavily wounded.
The orc wizard closely misses you.
The orc wizard gestures at you while chanting.
The magic dart hits you.
* * * LOW HITPOINT WARNING * * *
You slash the orc wizard!
The orc wizard is heavily wounded.
You feel less confused.
The orc wizard hits you with a +0 dagger.
* * * LOW HITPOINT WARNING * * *
The orc wizard gestures at you while chanting.
The magic dart hits you.
* * * LOW HITPOINT WARNING * * *
You hit the orc wizard but do no damage.
The orc wizard is heavily wounded.
The orc wizard closely misses you.
The orc wizard hits you but does no damage.
You hit the orc wizard.
The orc wizard is almost dead.
The orc wizard barely misses you.
The orc wizard points at you and mumbles some strange words.
The magic dart hits you!
* * * LOW HITPOINT WARNING * * *
You hit the orc wizard but do no damage.
The orc wizard is almost dead.
The orc wizard hits you with a +0 dagger.
You die...

...# #.####.#
...#
#########.####.#
...#
#.....#........#
.###
............†###
##
..............#
..........†)..#
..~.......)...#
~~~~≈.........#
.≈~.~..?o@....#
.~..~...o....##
.~.≈........##
~.♣...?##)###
.~~~~## #.#
~~.~# #.# .~.#
#.# .~≈ ... ...


You could see 2 orc wizards.

Vanquished Creatures
  Sigmund (D:3)
  A bombardier beetle (D:3)
  An orc priest (D:3)
  Terence (D:2)
  4 adders
  2 dart slugs
  An orc (D:3)
  3 endoplasms
  A giant cockroach (D:2)
  2 goblins (D:3)
  6 hobgoblins
  4 quokkas
  2 ball pythons
  3 bats
  8 frilled lizards
  5 kobolds
  3 rats
48 creatures vanquished.

Notes
Turn   | Place    | Note
-------+----------+-------------------------------------------
     0 | D:1      | ymhsbmbesitwf the Barachi Monk began the quest for the Orb.
     0 | D:1      | Reached XP level 1. HP: 18/18 MP: 1/1
   114 | D:1      | Reached XP level 2. HP: 9/25 MP: 2/2
   367 | D:1      | Reached skill level 1 in Armour
   710 | D:2      | Noticed Terence
   744 | D:2      | Killed Terence
   745 | D:2      | Reached XP level 3. HP: 5/30 MP: 3/3
   905 | D:2      | Reached XP level 4. HP: 20/37 MP: 4/4
  1216 | D:2      | Reached skill level 5 in Long Blades
  1550 | D:3      | Reached XP level 5. HP: 24/43 MP: 5/5
  1620 | D:3      | Noticed Sigmund
  1644 | D:3      | Killed Sigmund
  1645 | D:3      | Reached skill level 5 in Fighting
  1645 | D:3      | Reached XP level 6. HP: 24/52 MP: 6/6
  1673 | D:3      | HP: 1/52 [orc wizard/magic dart (8)]
  1674 | D:3      | Slain by an orc wizard

Illustrated notes

Levels and vault maps discovered:
D:1:      minmay_arrival_radiant_lines, layout_basic, minmay_3d_cube
D:2:      layout_rooms, nrook_mini_vaults, fountainhead, uniq_terence
D:3:      layout_rooms, mainiacjoe_overflow_brackets,
          chequers_serial_rivers_marsh, uniq_sigmund

Skill      XL: |  1  2  3  4  5  6 |
---------------+-------------------+-----
Long Blades    | 4 5 6 |  6.0
Armour         | 1 2 3 |  3.0
Fighting       | 4 5 6 |  6.0
Dodging        | |  3.4

Action                     |  1- 3 |  4- 6 || total
---------------------------+-------+-------++-------
  Melee: Falchion          |    77 |    90 ||   167
Ability: Hop               |     1 |       ||     1
    Use: Potion            |       |     1 ||     1
 Armour: Ring mail         |    46 |    71 ||   117
  Dodge: Dodged            |    49 |    54 ||   103
